 Dungeon Crawl Stone Soup version 0.32-a0-119-g2e8054a333 (webtiles) character file.

Game seed: 2602159553113894180

54 senseless the Insei (level 3, 0/24 HPs)
             Began as an Octopode Shapeshifter on Feb 7, 2024.
             Slain by Sigmund
             ... wielding a +2 scythe of distortion
              (5 damage)
             ... on level 2 of the Dungeon.
             The game lasted 00:03:42 (992 turns).

senseless the Insei (Octopode Shapeshifter)          Turns: 992, Time: 00:03:43

Health: 0/24       AC:  1    Str: 13    XL:     3   Next: 91%
Magic:  3/3        EV: 13    Int: 12    God:
Gold:   129        SH:  0    Dex: 13    Spells: 2/2 levels left

rFire   . . .        l - +1 dagger (speed)
rCold   . . .        (no shield)
rNeg    . . .        (helmet currently unavailable)
rPois   .            (no amulet)
rElec   .            (no ring)
rCorr   .            (no ring)
SInv    .            (no ring)
Will    .....        (no ring)
Stlth   ++           (no ring)
HPRegen 0.24/turn    (no ring)
MPRegen 0.08/turn    (no ring)
                     (no ring)

%: no passive effects
@: confused, beast-form
A: beast (slay +1), almost no armour, amphibious, 8 rings, camouflage 1,
gelatinous body 1, (nimble swimmer 1), tentacles
a: Begin Untransformation


You were on level 2 of the Dungeon.
You were a hulking beast.
You visited 1 branch of the dungeon, and saw 2 of its levels.

You collected 129 gold pieces.

Inventory:

Hand Weapons
 l - a +1 dagger of speed (weapon)
Talismans
 b - a beast talisman
 c - a flux talisman
Scrolls
 e - 2 scrolls of amnesia {unknown}
 f - 3 scrolls of enchant weapon {unknown}
 g - a scroll of identify {unknown}
 j - a scroll of revelation {unknown}
 m - a scroll of enchant armour {unknown}
Potions
 a - 2 potions of lignification
 d - a potion of magic {unknown}
 h - a potion of haste {unknown}
 i - a potion of heal wounds {unknown}


   Skills:
 + Level 2.0 Fighting
 + Level 2.5 Dodging
 + Level 3.4 Unarmed Combat
 + Level 3.4 Shapeshifting


You had 2 spell levels left.
You didn't know any spells.
Your spell library was empty.

Dungeon Overview and Level Annotations

Branches:
Dungeon (2/15)

Altars:

Annotations:
D:2 Sigmund


Innate Abilities, Weirdness & Mutations

You are a hulking beast.
Your limbs bulge with bestial killing power. (Slay +1)
You cannot wear most types of armour.
You are amphibious.
You can wear up to eight rings at the same time.
Your skin changes colour to match your surroundings (Stealth+).
Your rubbery body absorbs attacks. (AC +1, EV +1)
((You are camouflaged when in or above water. (Stealth+)))
You have tentacles for arms and can constrict up to eight enemies at once.


Message History

The gnoll shouts!
You hear a shout!
You hear an angry hiss.
You hear a shout!
You throw a poisoned dart.
The poisoned dart barely misses Sigmund.
The gnoll shouts!
There are monsters nearby!
Sigmund hits you from afar with a +2 scythe of distortion.
You blink.
A ball python comes into view.
The helpless ball python fails to defend itself.
You hit the ball python.
You kill the ball python!
The gnoll completely misses you.
You barely miss the gnoll. You grab the gnoll.
You constrict the gnoll, but do no damage.
The gnoll barely misses you.
You hit the gnoll.
The gnoll is moderately wounded.
You constrict the gnoll. The gnoll hits you with a +0 flail!
Sigmund mumbles some strange words.
Sigmund flickers and vanishes!
Deactivating autopickup; reactivate with Ctrl-A.
You hit the gnoll but do no damage.
The gnoll is moderately wounded.
You constrict the gnoll. You hit the gnoll. Your squeeze misses the gnoll.
The gnoll is severely wounded.
You constrict the gnoll. The gnoll barely misses you.
You completely miss the gnoll. You squeeze the gnoll.
You kill the gnoll!
Your Fighting skill increases to level 2!
You hit the frilled lizard. You grab the frilled lizard.
You squeeze the frilled lizard.
You kill the frilled lizard!
You hear some strange, mumbled words.
You are confused.
You barely miss something. Something hits you! Space warps around you.
* * * LOW HITPOINT WARNING * * *
You hit something. Your squeeze misses something.
You bump into the rock wall.
Something hits you.
You die...

#w.#.....#
...g..g..#.....#
.........#....##
..J....(....#.#
....w..(#####.#
gg...^#.# ###.#
lw......# #gg.#
#####.#.. #)###
#.#####h#
#.......#
#######.# ###


You could see 2 gnolls.

Vanquished Creatures
  A gnoll (D:2)
  2 dart slugs
  A ribbon worm (D:2)
  An orc (D:2)
  2 ball pythons
  A bat (D:1)
  5 endoplasms
  4 giant cockroaches (D:1)
  4 goblins
  3 hobgoblins
  3 kobolds
  A quokka (D:1)
  5 frilled lizards
  A rat (D:2)
34 creatures vanquished.

Notes
Turn   | Place    | Note
-------+----------+-------------------------------------------
     0 | D:1      | senseless the Octopode Shapeshifter began the quest for the
                  | Orb.
     0 | D:1      | Reached XP level 1. HP: 13/13 MP: 1/1
   223 | D:1      | Reached XP level 2. HP: 17/18 MP: 2/2
   495 | D:1      | Reached XP level 3. HP: 20/23 MP: 3/3
   848 | D:2      | Noticed Sigmund
   992 | D:2      | Slain by Sigmund

Illustrated notes

Levels and vault maps discovered:
D:1:      shiori_shiawase, layout_rooms, roderic_serpentine_path
D:2:      layout_basic, uniq_sigmund

Skill      XL: |  1  2  3 |
---------------+----------+-----
Fighting       | 2 |  2.0
Dodging        | |  2.5
Unarmed Combat | |  3.4
Shapeshifting  | |  3.4

Action                     || total
---------------------------++-------
  Melee: Unarmed           ||    45
         Constrict         ||    17
         Tentacles         ||    14
         Punch             ||     2
         Dagger            ||    26
  Throw: Dart              ||     5
   Stab: Sleeping          ||     4
 Armour: Skin              ||    24
  Dodge: Dodged            ||    36

Table legend: (Time is in decaauts)
 A = Elapsed time spent in this place.
 B = Non-inter-level travel time spent in this place.
 C = Inter-level travel time spent in this place.
 D = Time resting spent in this place.
 E = Time spent auto-exploring this place.
 F = Levels seen in this place.
 G = Mean time per level.
                   A        B        C        D        E       F      G
               +--------+--------+--------+--------+--------+-----+--------+
         Total |    981 |    939 |     42 |     17 |    692 |   2 |  490.5 |
       Dungeon |    981 |    939 |     42 |     17 |    692 |   2 |  490.5 |
               +--------+--------+--------+--------+--------+-----+--------+

Top non-repeatable levels by time:
     D:1: 721 daAuts
     D:2: 259 daAuts
